cohdb
Replays
Latest Replays
All Replays
Popular Replays
Top Player Replays
Match Explorer
How It Works
Community
CoH3 Stats
Reddit
Sign in to upload your games and track your stats! →
Sign in with Steam
Match 43951184
Unlisted
Match 43951184
Overview
Messages
Build Orders
End
Royal Engineer Section
Construct Section Command Post
Dingo Light Scout Car
Infantry Section
Selects Canadian Shock Battlegroup
Infantry Section
Infantry Section
Construct Platoon Command Post
Humber Armored Car
Humber Armored Car
Royal Engineer Section
Selects Attacking Spirit
Selects Incendiary Munitions
Selects Canadian Shock Section
6-pounder Anti-tank Gun Team
Construct Company Command Post
Vickers Machine Gun Team
Matilda II Heavy Tank
Matilda II Heavy Tank
Vickers Machine Gun Team
Matilda II Heavy Tank
Selects Pyrotechnics
6-pounder Anti-tank Gun Team
Royal Engineer Section
Matilda II Heavy Tank
Armored Vehicle Training
Selects Churchill Crocodile Heavy Tank
Selects Smoke Operation
Smoke Operation
Infantry Section
Canadian Shock Section
CMP 15cwt Truck
Smoke Operation
Churchill Crocodile Heavy Tank
Smoke Operation
Churchill Crocodile Heavy Tank
Canadian Shock Section
Smoke Operation
6-pounder Anti-tank Gun Team
Smoke Operation
Smoke Operation
Matilda II Heavy Tank
Matilda II Heavy Tank
DrewP
Dillbro
TimBurrito
xxxDerOzelotxxx
0
0
Comments
sign in to comment!
No comments posted yet!